 Dungeon Crawl Stone Soup version 0.29.1-1-gd02db6906a (webtiles) character file.

Game seed: 11409114436295574711

748 leafyfresh the Magician (level 7, -6/51 HPs)
             Began as a Gnoll Hedge Wizard on Oct 18, 2022.
             Killed by an exploding themself (34 damage)
             ... ignited by their inner flame
             ... on level 5 of the Dungeon.
             The game lasted 00:13:57 (8433 turns).

leafyfresh the Magician (Gnoll Hedge Wizard)        Turns: 8433, Time: 00:13:58

Health: -6/51      AC:  4    Str:  9    XL:     7   Next: 77%
Magic:  8/18       EV: 13    Int: 15    God:
Gold:   195        SH:  0    Dex: 12    Spells: 10/21 levels left

rFire   . . .      SeeInvis .   s - +2 short sword (vamp)
rCold   + . .      Faith    .   (no shield)
rNeg    . . .      Spirit   .   b - +0 robe
rPois   .          Reflect  .   c - +0 hat
rElec   .          Harm     .   (no cloak)
rCorr   .          Rampage  .   (no gloves)
Will    .....                   v - +1 pair of boots "Xoucu" {Regen+}
Stlth   +++.......              (no amulet)
HPRegen 0.97/turn               f - ring of protection from cold
MPRegen 0.16/turn               (no ring)

@: no status effects
A: fangs 1, strong nose, distributed training
a: no special abilities


You were on level 5 of the Dungeon.
You visited 1 branch of the dungeon, and saw 6 of its levels.

You collected 195 gold pieces.

Inventory:

Hand Weapons
 a - a +0 dagger
 k - a +0 whip
 s - a +2 vampiric short sword (weapon)
Armour
 b - a +0 robe (worn)
 c - a +0 hat (worn)
 v - the +1 pair of boots "Xoucu" (worn) {Regen+}
   (You found it on level 5 of the Dungeon)

   Regen:     It increases your rate of health regeneration.
Magical Staves
 p - a staff of fire
Jewellery
 f - a ring of protection from cold (left hand)
Wands
 x - a wand of digging (4)
Scrolls
 g - 2 scrolls of fear
 h - a scroll of enchant weapon {unknown}
 i - a scroll of poison {unknown}
 j - 4 scrolls of teleportation
 m - a scroll of noise
 r - 3 scrolls of vulnerability {unknown}
 t - 2 scrolls of butterflies {unknown}
 w - a scroll of blinking {unknown}
 y - 2 scrolls of identify
Potions
 d - 3 potions of magic
 e - 2 potions of resistance
 l - a potion of cancellation
 n - 2 potions of heal wounds
 o - 3 potions of curing
 q - a potion of invisibility {unknown}
 u - a potion of flight {unknown}
 z - a potion of brilliance {unknown}
 A - a potion of mutation {unknown}


   Skills:
 + Level 2.8 Fighting
 + Level 2.8 Short Blades
 + Level 2.8 Long Blades
 + Level 2.8 Axes
 + Level 2.8 Maces & Flails
 + Level 2.8 Polearms
 + Level 2.8 Staves
 + Level 2.8 Ranged Weapons
 + Level 2.8 Throwing
 + Level 2.8 Armour
 + Level 5.4 Dodging
 + Level 5.1 Stealth
 + Level 2.8 Shields
 + Level 2.8 Unarmed Combat
 + Level 7.7 Spellcasting
 + Level 3.2 Conjurations
 + Level 2.3 Hexes
 + Level 3.2 Summonings
 + Level 2.3 Necromancy
 + Level 3.2 Translocations
 + Level 2.3 Transmutations
 + Level 2.3 Fire Magic
 + Level 2.3 Ice Magic
 + Level 2.3 Air Magic
 + Level 2.3 Earth Magic
 + Level 2.3 Poison Magic
 + Level 3.1 Invocations
 + Level 2.8 Evocations


You had 10 spell levels left.
You knew the following spells:

 Your Spells              Type           Power      Damage    Failure   Level
a - Magic Dart            Conj           60%        1d6       3%          1
b - Mephitic Cloud        Conj/Pois/Air  13%        N/A       13%         3
c - Blink                 Tloc           30%        N/A       4%          2
d - Call Imp              Summ           15%        N/A       4%          2
e - Summon Guardian Gole  Hex/Summ       14%        N/A       12%         3

Your spell library contained the following spells:

 Spells                   Type           Power      Damage    Failure   Level
 Summon Small Mammal      Summ           60%        N/A       3%          1
 Slow                     Hex            48%        N/A       4%          1
 Scorch                   Fire           24%        2d6       8%          2
 Call Canine Familiar     Summ           15%        N/A       10%         3
 Lesser Beckoning         Tloc           15%        N/A       10%         3
 Conjure Flame            Conj/Fire      14%        6-21      12%         3
 Flame Wave               Conj/Fire      14%        2d6       36%         4
 Cause Fear               Hex            6%         N/A       43%         4
 Manifold Assault         Tloc           15%        N/A       67%         5
 Summon Cactus Giant      Summ           7%         N/A       99%         6
 Dragon Form              Tmut           6%         N/A       100%        7
 Dragon's Call            Summ           7%         N/A       100%        9


Dungeon Overview and Level Annotations

Branches:
Dungeon (6/15)
 Temple: D:4-7

Altars:
Nemelex Xobeh
Wu Jian

Annotations:
D:4 Sigmund


Innate Abilities, Weirdness & Mutations

You have very sharp teeth.
Your uncanny sense of smell can sniff out nearby items.
Your experience applies equally to all skills.


Message History

The bullfrog hits you. The bullfrog attacks as you move away!
The bullfrog hits you. x2
The bullfrog attacks as you move away! The bullfrog barely misses you.
The bullfrog barely misses you. The bullfrog attacks as you move away!
The bullfrog hits you. The bullfrog attacks as you move away!
The bullfrog misses you.
The bullfrog hits you but does no damage.
The bullfrog hits you. The bullfrog attacks as you move away!
The bullfrog misses you. The bullfrog barely misses you.
The bullfrog attacks as you move away! The bullfrog hits you.
The bullfrog hits you.
Casting: Blink (safe; 4% risk of failure)
Confirm with . or Enter, or press ? or * to list all spells.
A guardian golem appears, shielding your allies.
The bullfrog hits you.
The wight hits your guardian golem with a +5 great sword!
The bullfrog hits you.
You puncture the bullfrog!
You feel better.
The bullfrog is moderately wounded.
The bullfrog hits you but does no damage.
The wight hits your guardian golem with a +5 great sword.
You closely miss the bullfrog.
The bullfrog is moderately wounded.
The bullfrog hits you.
The wight hits your guardian golem with a +5 great sword!
The bullfrog closely misses you.
You barely miss the bullfrog. You bite the bullfrog.
The bullfrog is moderately wounded.
Your guardian golem overheats!
The wight hits your guardian golem with a +5 great sword!!
Your guardian golem disappears in a puff of smoke!
Your guardian golem explodes!
The fiery explosion engulfs the wight!!
The wight is destroyed!
The fiery explosion engulfs the bullfrog!!!
The bullfrog dies!
The fiery explosion engulfs you!!
Ouch! That really hurt!
You die...

#.######## #........#
#.######.# #.# #.# #####
#.# #.# #...# ######
###.# #.# #.#.# #....#
#...# #.# #.#.#
#######....###.########.#
#.#.#
..............§§@....>#.#
#.#.#
......#....#..§§#####.#.#
#.#.# #####.#....#...§#
#...#.# #.#.#
....#.######....#
#.#.#.####.#.# ..###.#
#....# #.#........#.#
......### #....#
#.#.#.######.#
.##.....####....#
#.#.#.#.####.#
.........#.....##
#.#.#.#......#
###......#.#####
#.#.#.#.######


There were no monsters in sight!

Vanquished Creatures
  An ogre (D:4)
  A scorpion (D:5)
  A necrophage (D:5)
  A howler monkey (D:5)
  7 hounds
  Jessica (D:3)
  2 iguanas (D:5)
  Natasha (thrice) (D:3)
  7 adders
  A white imp (D:5)
  An ufetubus (D:5)
  3 worms
  A dart slug (D:3)
  5 orcs
  9 endoplasms
  2 giant cockroaches
  5 goblins
  3 hobgoblins
  8 kobolds
  2 quokkas
  6 ball pythons
  3 bats
  3 frilled lizards
  9 rats
  A toadstool (D:1)
86 creatures vanquished.

Vanquished Creatures (others)
  A bullfrog (D:5)
  A wight (D:5)
  3 toadstools (D:1)
5 creatures vanquished.

Grand Total: 91 creatures vanquished

Notes
Turn   | Place    | Note
-------+----------+-------------------------------------------
     0 | D:1      | leafyfresh the Gnoll Hedge Wizard began the quest for the
                  | Orb.
     0 | D:1      | Reached XP level 1. HP: 13/13 MP: 8/8
   194 | D:1      | Reached XP level 2. HP: 17/19 MP: 10/10
   940 | D:2      | Reached XP level 3. HP: 23/25 MP: 4/11
  1267 | D:2      | Reached skill level 1 in Invocations
  1769 | D:2      | Found a faded altar of an unknown god.
  1822 | D:2      | Reached skill level 1 in Fighting
  1822 | D:2      | Reached skill level 1 in Short Blades
  1822 | D:2      | Reached skill level 1 in Long Blades
  1822 | D:2      | Reached skill level 1 in Axes
  1822 | D:2      | Reached skill level 1 in Maces & Flails
  1822 | D:2      | Reached skill level 1 in Polearms
  1822 | D:2      | Reached skill level 1 in Staves
  1822 | D:2      | Reached skill level 1 in Ranged Weapons
  1822 | D:2      | Reached skill level 1 in Throwing
  1822 | D:2      | Reached skill level 1 in Armour
  1822 | D:2      | Reached skill level 1 in Shields
  1822 | D:2      | Reached skill level 1 in Unarmed Combat
  1822 | D:2      | Reached skill level 1 in Evocations
  2048 | D:2      | Learned a level 3 spell: Mephitic Cloud
  2051 | D:2      | Learned a level 2 spell: Blink
  2054 | D:2      | Learned a level 2 spell: Call Imp
  2685 | D:3      | Reached XP level 4. HP: 32/32 MP: 9/13
  2835 | D:3      | Noticed Natasha
  2862 | D:3      | Killed Natasha
  2863 | D:3      | Reached skill level 1 in Hexes
  2863 | D:3      | Reached skill level 1 in Necromancy
  2863 | D:3      | Reached skill level 1 in Transmutations
  2863 | D:3      | Reached skill level 1 in Fire Magic
  2863 | D:3      | Reached skill level 1 in Ice Magic
  2863 | D:3      | Reached skill level 1 in Air Magic
  2863 | D:3      | Reached skill level 1 in Earth Magic
  2863 | D:3      | Reached skill level 1 in Poison Magic
  3087 | D:3      | Noticed Jessica
  3101 | D:3      | Killed Jessica
  3102 | D:3      | Reached XP level 5. HP: 27/37 MP: 3/14
  3894 | D:3      | Found a sparkling altar of Nemelex Xobeh.
  4021 | D:3      | Noticed Natasha
  4029 | D:3      | Killed Natasha
  4075 | D:3      | Noticed Natasha
  4091 | D:3      | Killed Natasha
  4201 | D:4      | Noticed Sigmund
  4244 | D:4      | Noticed an ogre
  4299 | D:4      | Reached XP level 6. HP: 14/44 MP: 9/16
  4618 | D:4      | Learned a level 3 spell: Summon Guardian Golem
  4668 | D:4      | Reached skill level 5 in Dodging
  6089 | D:4      | Reached XP level 7. HP: 43/50 MP: 18/18
  6546 | D:5      | Entered Level 5 of the Dungeon
  6599 | D:5      | Identified the +1 pair of boots "Xoucu" {Regen+}
  7345 | D:5      | Reached skill level 5 in Stealth
  7867 | D:5      | Found an ornate altar of the Wu Jian Council.
  8433 | D:5      | Killed by an exploding themself... ignited by their inner
                  | flame

Illustrated notes

Levels and vault maps discovered:
D:1:      ldierk_water_garden, layout_basic
D:2:      layout_basic, shapermc_ecumenical_altar_flowoftime, hex_medium,
          minmay_tetromino_s2
D:3:      layout_loops_ring, nemelex_spade_bored_becter, uniq_jessica,
          uniq_natasha
D:4:      nicolae_cairo_tiling_large, layout_loops_ring, uniq_menkaure,
          uniq_sigmund
D:5:      layout_basic, pdpol_wu_jian_five_deadly_venoms
D:6:      layout_layer_cave, minmay_temple_entry_butterflies,
          minmay_misc_feat_plants, uniq_prince_ribbit1

Skill      XL: |  1  2  3  4  5  6  7 |
---------------+----------------------+-----
Conjurations   | 2 3 |  3.2
Summonings     | 2 3 |  3.2
Translocations | 2 3 |  3.2
Invocations    | 1 2 3 |  3.1
Fighting       | 1 2 |  2.8
Short Blades   | 1 2 |  2.8
Long Blades    | 1 2 |  2.8
Axes           | 1 2 |  2.8
Maces & Flails | 1 2 |  2.8
Polearms       | 1 2 |  2.8
Staves         | 1 2 |  2.8
Ranged Weapons | 1 2 |  2.8
Throwing       | 1 2 |  2.8
Armour         | 1 2 |  2.8
Shields        | 1 2 |  2.8
Unarmed Combat | 1 2 |  2.8
Evocations     | 1 2 |  2.8
Hexes          | 1 2 |  2.3
Necromancy     | 1 2 |  2.3
Transmutations | 1 2 |  2.3
Fire Magic     | 1 2 |  2.3
Ice Magic      | 1 2 |  2.3
Air Magic      | 1 2 |  2.3
Earth Magic    | 1 2 |  2.3
Poison Magic   | 1 2 |  2.3
Dodging        | 5 |  5.4
Stealth        | 5 |  5.1
Spellcasting   | |  7.7

Action                   |  1- 3 |  4- 6 |  7- 9 || total
-------------------------+-------+-------+-------++-------
Melee: Dagger            |    33 |       |       ||    33
       Bite              |     2 |    19 |     4 ||    25
       Whip              |     8 |   109 |       ||   117
       Punch             |     2 |       |     1 ||     3
       Short sword       |       |       |    48 ||    48
 Cast: Magic Dart        |    72 |   117 |    87 ||   276
       Mephitic Cloud    |       |     8 |     5 ||    13
       Blink             |       |     2 |     1 ||     3
       Summon Guardian G |       |     3 |     1 ||     4
  Use: Scroll            |       |     9 |       ||     9
       Potion            |       |     1 |       ||     1
 Stab: Sleeping          |     2 |     1 |     1 ||     4
       Confused          |       |     5 |     2 ||     7
Armor: Robe              |    10 |    21 |    18 ||    49
Dodge: Dodged            |    40 |   132 |    77 ||   249
